 Dungeon Crawl Stone Soup version 0.18-a0-917-g8a3da5b (webtiles) character file.

103 st0uf the Covered (level 5, -2/42 HPs)
             Began as a Formicid Fighter on Dec 26, 2015.
             Slain by a gnoll (4 damage)
             ... on level 3 of the Dungeon.
             The game lasted 00:06:14 (1751 turns).

st0uf the Covered (Formicid Fighter)                Turns: 1751, Time: 00:06:15

Health: -2/42      AC:  7    Str: 22    XL:     5   Next: 6%
Magic:  5/5        EV:  9    Int:  7    God:
Gold:   141        SH:  4    Dex: 10    Spells: 0 memorised, 4 levels left

rFire  . . .     SeeInvis +     a - +0 long sword
rCold  . . .     Gourm    .     b - +0 scale mail
rNeg   . . .     Faith    .     e - +0 buckler
rPois  .         Spirit   .     (helmet unavailable)
rElec  .         Dismiss  .     (no cloak)
rCorr  .         Reflect  .     (no gloves)
SustAt +         Harm     .     (no boots)
MR     .....                    (no amulet)
Stlth  ..........               (no ring)
                                j - ring of sustain attributes

@: not resistant to hostile enchantments, extremely unstealthy
A: permanent stasis, dig shafts and tunnels, four strong arms, antennae 3
a: Dig, Shaft Self


You were on level 3 of the Dungeon.
You were not hungry.

You visited 1 branch of the dungeon, and saw 3 of its levels.

You collected 141 gold pieces.

Inventory:

Hand Weapons
 a - a +0 long sword (weapon)
Armour
 b - a +0 scale mail (worn)
 c - a +0 shield
 e - a +0 buckler (worn)
Jewellery
 j - a ring of sustain attributes (left hand)
Scrolls
 i - 2 scrolls of recharging {unknown}
 k - 4 scrolls of identify {unknown}
 l - 2 scrolls of remove curse {unknown}
 o - a scroll of magic mapping {unknown}
Potions
 d - 3 potions of might
 h - 2 potions of curing {unknown}
 m - a potion of haste {unknown}
 n - a potion of magic {unknown}
Comestibles
 f - a bread ration
 g - 5 chunks of flesh


   Skills:
 + Level 4.0 Fighting
 + Level 2.4 Long Blades
 + Level 4.6 Armour
 + Level 4.3 Shields


You had 4 spell levels left.
You didn't know any spells.

Dungeon Overview and Level Annotations

Branches:
Dungeon (3/15)

Altars:
Ru


Innate Abilities, Weirdness & Mutations

You are under a permanent stasis effect.
You can dig through walls and to a lower floor.
Your four strong arms can wield two-handed weapons with a shield.
You have a pair of large antennae on your head (SInv).


Message History

The gnoll hits you with a whip.
* * * LOW HITPOINT WARNING * * *
You slash the gnoll!
You kill the gnoll!
You have reached level 5!
The gnoll hits you from afar with a spear.
* * * LOW HITPOINT WARNING * * *
The gnoll hits you but does no damage.
The gnoll hits you from afar with a spear.
* * * LOW HITPOINT WARNING * * *
You hit the gnoll.
The gnoll is lightly wounded.
The gnoll hits you but does no damage. x2
You slash the gnoll!
The gnoll is heavily wounded.
The gnoll closely misses you.
The gnoll hits you from afar with a spear.
* * * LOW HITPOINT WARNING * * *
The gnoll hits you.
You die...

#..##.h....#..#...# #
#.....###......#.#
..###.##.###....###.#
......S...#.....###.#
###..?##........##.#
##.#........#......
###..###......#......
#..#...)gg...##....g....
#....@##..###...##....
#....#.##g.###..### ...
...# #.#..## #.## {{{ #.
#...# #. g #.#. .. #...
### ... ..


You could see 2 gnolls.

Vanquished Creatures
  4 adders
  A gnoll (D:3)
  A worm (D:2)
  3 giant geckos
  4 bats
  2 giant cockroaches
  3 goblins
  9 hobgoblins
  10 jackals
  2 kobolds
  2 quokkas (D:3)
  A giant newt (D:1)
  7 rats
49 creatures vanquished.

Notes
Turn   | Place    | Note
--------------------------------------------------------------
     0 | D:1      | st0uf the Formicid Fighter began the quest for the Orb.
     0 | D:1      | Reached XP level 1. HP: 18/18 MP: 1/1
   104 | D:1      | Reached XP level 2. HP: 24/24 MP: 2/2
   278 | D:1      | Reached skill level 4 in Shields
   682 | D:1      | Reached XP level 3. HP: 28/30 MP: 3/3
  1087 | D:2      | Found a sacrificial altar of Ru.
  1386 | D:2      | Reached XP level 4. HP: 33/37 MP: 4/4
  1749 | D:3      | Reached XP level 5. HP: 11/42 MP: 5/5
  1751 | D:3      | HP: 2/42 [gnoll/spear (6)]
  1751 | D:3      | Slain by a gnoll

Vault maps used:
D:1:      minmay_arrival_jagged
D:2:      nicolae_overflow_crystal_walls
D:3:      first_bread

Action                   |  1- 3 |  4- 6 || total
-------------------------+-------+-------++-------
Melee: Long sword        |   121 |    67 ||   188
  Eat: Chunk             |     2 |     1 ||     3
